 Dungeon Sprint DCSS version 0.31-a0-521-gc7390f8997 (webtiles) character file.

Game seed: 9530305215276279263

60 rocky1 the Changeling (level 3, -1/32 HPs)
             Began as a Troll Shapeshifter on Aug 11, 2023.
             Slain by a water elemental (17 damage)
             ... in the Dungeon (Sprint III: "The Ten Rune Challenge").
             The game lasted 00:00:36 (202 turns).

rocky1 the Changeling (Troll Shapeshifter)           Turns: 202, Time: 00:00:37

Health: -1/32      AC:  4    Str: 23    XL:     3   Next: 82%
Magic:  2/2        EV: 10    Int:  6    God:
Gold:   11         SH:  0    Dex: 10    Spells: 2/2 levels left

rFire   . .          .
                       - Unarmed
rCold   . . .        (no shield)
rNeg    . . .        a - +0 animal skin
rPois   .            (helmet currently unavailable)
rElec   .            (cloak currently unavailable)
rCorr   .            (gloves unavailable)
SInv    .            (boots unavailable)
Will    .....        (no amulet)
Stlth   +            (no ring)
HPRegen 1.05/turn    (no ring)
MPRegen 0.08/turn

%: no teleportation
@: beast-form, engulfed (cannot breathe)
A: beast (slay +3), large, unfitting armour, claws 3, regeneration 1, shaggy fur
1, tough skin 1
a: Begin Untransformation


You were in the Dungeon.
You were a hulking beast.
You visited 1 branch You collected 11 gold pieces.

Inventory:

Armour
 a - a +0 animal skin (worn)
Talismans
 c - a beast talisman (active)
 d - a flux talisman
Scrolls
 j - a scroll of blinking
 k - a scroll of enchant armour {unknown}
 l - a scroll of immolation {unknown}
 m - 3 scrolls of identify
 o - a scroll of torment {unknown}
Potions
 b - a potion of lignification
 e - a potion of curing
 f - 2 potions of heal wounds
 g - a potion of haste
 h - 2 potions of magic
 i - a potion of berserk rage
 n - a potion of invisibility {unknown}
 p - 5 potions of mutation


   Skills:
 + Level 0.9 Fighting
 + Level 2.4 Dodging
 + Level 5.2 Unarmed Combat
 + Level 5.6 Shapeshifting


You had 2 spell levels left.
You didn't know any spells.
Your spell library was empty.

Dungeon Overview and Level Annotations

Branches:
Dungeon (1/1)

Altars:


Innate Abilities, Weirdness & Mutations

You are a hulking beast.
Your limbs bulge with bestial killing power. (Slay +3)
You are too large for most types of armour.
You have claws for hands.
Your natural rate of healing is unusually fast.
You are covered in fur. (AC +1)
You have tough skin. (AC +1)


Message History

You kill the wolf!
Your Unarmed Combat skill increases to level 5!
You open the door.
Found 11 gold pieces and 2 potions of mutation.
There is an open door here.
You now have 4 gold pieces.
l - a scroll labelled ESEKYGGAOT;
m - 2 scrolls of identify
n - a bubbling silvery potion
Things that are here:
a potion of mutation; 2 potions of mutation
o - a scroll labelled GIPREB AMAOTI;
m - 3 scrolls of identify (gained 1)
f - 2 potions of heal wounds (gained 1)
Things that are here:
a potion of mutation; a potion of mutation You now have 11 gold pieces (gained 7).
Things that are here:
a potion of mutation; 2 potions of mutation
Things that are here:
a potion of mutation; a potion of mutation
p - a potion of mutation;
p - 2 potions of mutation (gained 1)
p - 3 potions of mutation (gained 1);
p - 5 potions of mutation (gained 2)
There is an open door here.
You open the door.
A water elemental comes into view.
You scratch the water elemental but do no damage.
The water elemental closely misses you.
You scratch the water elemental.
The water elemental is lightly damaged.
The water elemental hits you!
The water elemental engulfs you in water!
You barely miss the water elemental.
The water elemental is lightly damaged.
Your lungs strain for air!
The water elemental barely misses you.
You claw the water elemental!
The water elemental is moderately damaged.
Your lungs strain for air!
The water elemental hits you!
Ouch! That really hurt!
You die...

▓▓▓▓▓▓▓▓ ▓▓▓ <..#)..####
##.# ...#......#####..#
..##.....).#..#..#
##.##.##...#..#..# #+#+#
##.##.###..##'#..#......
#.####.##..###..hE.⌠....
.###..##..####...#...###
#.....##..###....# ⌠.#
###†.##...##.....# .#
##..##....#......# #
#..###..##.#.....# #..#
#.. ####....# ▓▓▓▓ ▓▓▓
▓▓▓▓▓▓


You could see a water elemental.

Vanquished Creatures
  Jessica (D)
  A human (D)
  A wolf (D)
  An endoplasm (D)
  2 rats (D)
6 creatures vanquished.

Notes
Turn   | Place    | Note
-------+----------+-------------------------------------------
     0 | D        | rocky1 the Troll Shapeshifter began the quest for the Orb.
     0 | D        | Reached XP level 1. HP: 18/18 MP: 0/0
    33 | D        | Noticed Jessica
    43 | D        | Killed Jessica
    44 | D        | Reached XP level 2. HP: 17/26 MP: 1/1
    44 | D        | Reached XP level 3. HP: 21/32 MP: 2/2
   161 | D        | Reached skill level 5 in Shapeshifting
   169 | D        | Reached skill level 5 in Unarmed Combat
   197 | D        | Noticed a water elemental
   202 | D        | Slain by a water elemental

Illustrated notes

Levels and vault maps discovered:
D:        dungeon_sprint_mu [sprint_mu_entry_cave, sprint_mu_temple_rooms,
          sprint_mu_d1_spiders, sprint_mu_d2_genie, sprint_mu_d3_branching,
          sprint_mu_orc_legion, sprint_mu_elf_gauntlet, sprint_mu_hive_nellie,
          sprint_mu_lair_fedhas, sprint_mu_vaults_butterflies,
          sprint_mu_slime_circle, sprint_mu_swamp_cave, sprint_mu_shoals_kraken,
          sprint_mu_blade_basic, sprint_mu_crypt_chambers,
          sprint_mu_tomb_spiral, sprint_mu_vestibule_basic,
          sprint_mu_gehenna_hellfire, sprint_mu_dis_giant,
          sprint_mu_tartarus_statrot, sprint_mu_cocytus_islands, sprint_mu_zot1]

Skill      XL: |  1  2  3 |
---------------+----------+-----
Dodging        | 2 |  2.4
Unarmed Combat | 4 5 |  5.2
Shapeshifting  | 4 5 |  5.6
Fighting       | |  0.9

Action                     || total
---------------------------++-------
  Melee: Unarmed           ||    16
         Punch             ||     2
 Armour: Animal skin       ||     2
  Dodge: Dodged            ||     4

Table legend: (Time is in decaauts)
 A = Elapsed time spent in this place.
 B = Non-inter-level travel time spent in this place.
 C = Inter-level travel time spent in this place.
 D = Time resting spent in this place.
 E = Time spent auto-exploring this place.
 F = Levels seen in this place.
 G = Mean time per level.
                   A        B        C        D        E       F      G
               +--------+--------+--------+--------+--------+-----+--------+
         Total |    200 |    200 |      0 |    108 |      0 |   1 |  200.0 |
       Dungeon |    200 |    200 |      0 |    108 |      0 |   1 |  200.0 |
               +--------+--------+--------+--------+--------+-----+--------+

Top non-repeatable levels by time:
       D: 200 daAuts
